 Dungeon Crawl Stone Soup version 0.23-a0-636-g0ff6057 (webtiles) character file.

204120 ohad the Brawler (level 18, -16/181 HPs)
             Began as a Troll Monk on Dec 24, 2018.
             Was the Champion of Okawaru.
             Demolished by a large abomination (17 damage)
             ... on level 3 of the Abyss on Dec 28, 2018.
             The game lasted 01:41:28 (23444 turns).

ohad the Brawler (Troll Monk)                      Turns: 23444, Time: 01:41:28

Health: -16/181    AC: 17    Str: 25    XL:     18   Next: 38%
Magic:  14/15      EV: 23    Int: -4 (-2) God:    Okawaru [******]
Gold:   2005       SH: 14    Dex: 17    Spells: 17/17 levels left

rFire    + + .     SeeInvis .     - Unarmed
rCold    . . .     Gourm    +   C - +0 shield
rNeg     + . .     Faith    +   Y - quicksilver dragon scales
rPois    +         Spirit   .   R - +1 hat {MR+}
rElec    .         Reflect  .   a - +1 cloak of Myogienn {rPois rF+ rCorr}
rCorr    +         Harm     .   (gloves unavailable)
MR       +++..     Rnd*Rage +   (boots unavailable) Stlth ..........Rnd*Tele +
                                n - amulet of faith
HPRegen  0.80/turn              j - +3 ring of dexterity
MPRegen  0.14/turn              H - ring "Ocvel" {rF+ rN+ EV+2 Int-4 Slay+3}

@: mighty, berserking, heroism, slowed, lost intelligence
A: large, unfitting armour, claws 3, [berserk 3], [blurry vision 3], [clumsy 2],
[deformed body], [deterioration 2], [dopey 2], fast metabolism 3, [frail 3],
gourmand, [low mp 3], regeneration 1, [screaming 3], shaggy fur 1, [teleportitis
3], tough skin 2, [weak 2], [no potion heal 3], [subdued magic 3]
a: Heroism, Finesse, Renounce Religion


You were on level 3 of the Abyss.
You worshipped Okawaru.
Okawaru was exalted by your worship.
You were very hungry.

You visited 5 branches of the dungeon, and saw 26 of its levels.
You visited the Abyss 1 time.
You also visited: Sewer.

You collected 2065 gold pieces.
You spent 60 gold pieces at shops.

Inventory:

Hand Weapons
 J - the +5 flail "Midgh" {flame, Int+2}
   (You took it off a crimson imp on level 9 of the Dungeon)

   It has been specially enchanted to burn those struck by it, causing extra
   injury to most foes and up to half again as much damage against particularly
   susceptible opponents.
   It affects your intelligence (+2).
 K - the +5 triple sword of Gluttony {venom, +Rage Dex+3, unknown}
   (Okawaru gifted it to you on level 9 of the Dungeon)

   It poisons the flesh of those it strikes.
   It affects your dexterity (+3).
   It lets you go berserk.
 Q - a +2 double sword of flaming
Missiles
 d - 2 javelins (quivered)
 T - 2 throwing nets
 W - 30 large rocks
Armour
 a - the +1 cloak of Myogienn (worn) {rPois rF+ rCorr}
   (Okawaru gifted it to you on level 5 of the Lair of Beasts)

   It protects you from fire.
   It protects you from poison.
   It provides partial protection from all sources of acid and corrosion.
 B - a scarf of resistance
 C - a +0 shield (worn)
 E - a +2 large shield
 R - a +1 hat of magic resistance (worn)
 Y - quicksilver dragon scales (worn)
Jewellery
 j - a +3 ring of dexterity (left claw)
 n - an amulet of faith (around neck)
 t - an uncursed ring of poison resistance
 G - an uncursed ring of resist corrosion
 H - the ring "Ocvel" (right claw) {rF+ rN+ EV+2 Int-4 Slay+3}
   (You found it on level 4 of the Lair of Beasts)

   [ring of evasion]

   It affects your evasion (+2).
   It affects your intelligence (-4).
   It affects your accuracy and damage with ranged weapons and melee attacks
   (+3).
   It protects you from fire.
   It protects you from negative energy.
 X - an uncursed ring of ice
 Z - an uncursed ring of flight
Wands
 f - a wand of scattershot (5)
 k - a wand of clouds (3)
 x - a wand of iceblast (43)
 V - a wand of digging (5)
Scrolls
 c - 9 scrolls of amnesia {unknown}
 e - 5 scrolls of noise {unknown}
 g - 5 scrolls of teleportation
 h - 8 scrolls of blinking {unknown}
 i - 9 scrolls of remove curse {unknown}
 l - a scroll of immolation {unknown}
 p - 5 scrolls of fear {unknown}
 u - 3 scrolls of magic mapping {unknown}
 v - a scroll of enchant armour
 y - 5 scrolls of enchant weapon {unknown}
 D - 6 scrolls of fog {unknown}
 I - a scroll of summoning
 L - 3 scrolls of random uselessness {unknown}
Potions
 m - 2 potions of resistance
 o - 5 potions of heal wounds
 q - 12 potions of curing
 r - 3 potions of cancellation
 s - a potion of might
 w - 2 potions of invisibility
 z - a potion of berserk rage
 A - 4 potions of lignification
 M - 6 potions of haste
 P - 2 potions of agility
 U - 2 potions of flight
Miscellaneous
 O - a box of beasts
Comestibles
 b - 60 rations


   Skills:
 - Level 10.1(15.1) Fighting
 - Level 3.3(8.3) Long Blades
 - Level 4.6(9.6) Throwing
 - Level 10.4(15.4) Armour
 + Level 12.4(17.4) Dodging
 - Level 1.0(6.0) Stealth
 - Level 10.0(15.0) Shields
 - Level 15.1(20.1) Unarmed Combat
 - Level 8.2 Invocations


You had 17 spell levels left.
You didn't know any spells.
Your spell library contained the following spells:

 Spells                   Type           Power        Failure   Level  Hunger
 Animate Skeleton         Necr           N/A          56%         1    ##.....
 Flame Tongue             Conj/Fire      #....        56%         1    ##.....
 Pain                     Necr           #...         56%         1    ##.....
 Sting                    Conj/Pois      #...         56%         1    ##.....
 Blink                    Tloc           N/A          73%         2    ###....
 Poisonous Vapours        Pois/Air       #.....       73%         2    ###....
 Shroud of Golubria       Chrm/Tloc      #.........   73%         2    ###....
 Throw Flame              Conj/Fire      #.....       73%         2    ###....
 Conjure Flame            Conj/Fire      #.......     92%         3    ####...
 Gell's Gravitas          Tloc           #.........   92%         3    ####...
 Inner Flame              Hex/Fire       #.......     92%         3    ####...
 Lesser Beckoning         Tloc           #.........   92%         3    ####...
 Mephitic Cloud           Conj/Pois/Air  #.......     92%         3    ####...
 Regeneration             Chrm/Necr      #.........   92%         3    ####...
 Teleport Other           Tloc           #.......     92%         3    ####...
 Vampiric Draining        Necr           #.........   92%         3    ####...
 Animate Dead             Necr           N/A          100%        4    #####..
 Olgreb's Toxic Radiance  Pois           #.......     100%        4    #####..
 Passage of Golubria      Tloc           N/A          100%        4    #####..
 Sticky Flame             Conj/Fire      #.......     100%        4    #####..
 Fireball                 Conj/Fire      #.........   100%        5    ######.
 Venom Bolt               Conj/Pois      #.........   100%        5    ######.


Dungeon Overview and Level Annotations

Branches:
Dungeon (15/15)            Temple (1/1) D:5            Lair (6/6) D:8
 Shoals (0/4) Lair:2        Snake (2/4) Lair:2        Slime (0/5) Lair:5
    Orc (2/2) D:11            Elf (0/3) Orc:2        Vaults (0/5) D:13
 Depths (0/5) D:15

Altars:
Ashenzari
Cheibriados
Dithmenos
Elyvilon
Fedhas
Gozag
Hepliaklqana
Kikubaaqudgha
Makhleb
Nemelex Xobeh
Okawaru
Qazlal
Ru
Sif Muna
Trog
Uskayaw
Vehumet
Wu Jian
Xom
Yredelemnul
Zin
The Shining One
Jiyva

Shops:
D:4 ?   D:7 [   D:10 (   Orc:2 :*[(

Annotations:
D:10 2 transporters, Duffy's ghost, novice DEFE
Lair:5 exclusion: 3 oklob plants
Snake:2 Vashnia


Innate Abilities, Weirdness & Mutations

You are too large for most types of armour.
You have claws for hands.
Your metabolism is lightning-fast.
You like to eat raw meat.
Your natural rate of healing is unusually fast.
You are covered in fur. (AC +1)
You have very tough skin. (AC +2)
[You have an uncontrollable temper.]
[Scrolls take you much longer to read.]
[You are very clumsy. (Dex -4)]
[Armour fits poorly on your strangely shaped body.]
[Your body often deteriorates upon taking damage.]
[You are very dopey. (Int -4)]
[You are extremely frail. (-30% HP)]
[Your magical capacity is extremely low. (-30% MP)]
[You frequently scream uncontrollably at your foes.]
[You are often teleported next to monsters.]
[You are very weak. (Str -4)]
[Potions cannot restore your health.]
[Your spells are much easier to cast, but much less powerful.]


Message History

* * * LOW HITPOINT WARNING * * *
You block the ice devil's attack.
You claw the sixfirhy!
The sixfirhy is almost dead.
The sixfirhy barely misses you. The sixfirhy closely misses you.
You block the small abomination's attack.
You mangle the sixfirhy!!
You kill the sixfirhy!
Okawaru accepts your kill. You block the ice devil's attack.
The small abomination hits you but does no damage.
You block the large abomination's attack.
You mangle the ice devil!!
The ice devil is heavily wounded.
The small abomination hits you!
* * * LOW HITPOINT WARNING * * *
You claw the ice devil!
The ice devil is almost dead.
You block the ice devil's attack. The large abomination hits you!
You die...

##.####
..#....(.≈≈≈≈.
..#..#('##### ≈
............###
.......(.#.#..≈
...#.........._
......4xX..#≈≈
......5@...#≈ ≈
#.#..##†...# ≈≈
# # ≈≈######≈≈≈
#. ≈ ≈≈≈≈≈≈≈ ≈
# ≈≈≈ ≈ ≈≈#
###≈≈≈≈≈≈≈≈≈≈≈
#.#≈≈≈≈≈≈≈≈≈≈≈
≈ ≈≈≈#.##X##..
.##.###.. * ##


You could see a large abomination, an ice devil, a small abomination and an iron
imp.

Vanquished Creatures
  A tentacled starspawn (Abyss:3)
  Kirke (D:11)
  A daeva (Abyss:3)
  A fire giant (D:15)
  An orc warlord (Orc:1)
  A stone giant (D:12)
  Azrael (D:11)
  Snorg (D:14)
  Josephine (D:12)
  Erolcha (Orc:2)
  2 naga warriors (Snake:1)
  Fannar (D:11)
  4 hydras
  7 anacondas (Snake:1)
  5 centaur warriors
  6 two-headed ogres
  2 dancing weapons (D:13)
  Erica (D:11)
  4 death yaks (Lair:5)
  3 tengu warriors
  3 orc high priests
  3 naga sharpshooters (Snake:1)
  Urug (D:10)
  4 shock serpents (Snake:1)
  A wretched star (Abyss:3)
  2 sixfirhies
  Sonja (Orc:2)
  An unseen horror (D:13)
  A spatial maelstrom (Abyss:3)
  A death drake (Abyss:3)
  4 mana vipers (Snake:1)
  6 orc knights
  A fire giant zombie (Abyss:3)
  3 deep elf magi
  4 manticores
  7 cyclopes
  17 ugly things
  4 orc sorcerers (Orc:2)
  A large abomination (Abyss:3)
  5 elephants
  5 naga magi
  A guardian serpent (Snake:1)
  Joseph (D:10)
  14 black mambas
  21 spiny frogs
  4 centaur zombies
  A smoke demon (Abyss:3)
  A gargoyle (D:12)
  A rime drake (Lair:5)
  8 komodo dragons
  A yaktaur (D:15)
  An efreet (Abyss:3)
  A kobold demonologist (D:13)
  A redback zombie (D:15)
  A tengu conjurer (D:15)
  A meliai (shapeshifter) (Abyss:3)
  A merfolk (shapeshifter) (D:14)
  6 meliai
  A polar bear (Lair:4)
  A queen bee (Lair:5)
  A merfolk (D:10)
  5 tyrant leeches
  9 trolls
  A harpy skeleton (D:15)
  13 blink frogs
  15 hippogriffs
  4 slime creatures
  A meliai zombie (D:15)
  A shadow (D:14)
  2 fire elementals
  5 wyverns
  4 wraiths (D:12)
  34 yaks
  Grum (D:8)
  A vampire (D:14)
  A neqoxec (Abyss:3)
  4 basilisks
  4 hogs (D:11)
  6 hungry ghosts
  19 vampire mosquitoes
  A steam dragon (Lair:3)
  4 wargs
  3 insubstantial wisps (Abyss:3)
  7 nagas
  2 hell hounds
  14 water moccasins
  A porcupine (Lair:4)
  33 orc warriors
  3 ice beasts
  5 sky beasts
  A black bear (Lair:1)
  A hornet zombie (D:13)
  6 phantoms
  7 wolves
  4 ogres
  12 centaurs
  8 crocodiles
  6 big kobolds
  24 bullfrogs
  A gnoll sergeant (D:13)
  4 scorpions
  21 killer bees (Lair:5)
  12 wights
  7 howler monkeys
  2 electric eels (Lair:2)
  6 crimson imps
  A bullfrog zombie (D:13)
  4 bullfrog skeletons
  5 centaur skeletons
  6 hounds
  20 orc priests
  3 iguanas
  23 orc wizards
  9 worker ants
  6 ogre zombies (D:11)
  4 worker ant zombies
  12 gnolls
  A river rat (Sewer)
  22 adders
  3 shadow imps
  12 white imps (Lair:5)
  2 oozes
  3 adder skeletons
  2 worms
  3 dart slugs
  7 leopard geckos
  72 orcs
  6 ball pythons
  15 bats
  2 giant cockroaches (D:3)
  7 goblins
  5 hobgoblins
  14 jackals
  8 quokkas
  13 frilled lizards
  A goblin skeleton (D:11)
  2 goblin zombies (D:11)
  A hobgoblin skeleton (D:11)
  2 hobgoblin zombies (D:11)
  22 kobolds
  A leopard gecko skeleton (D:4)
  An orc skeleton (D:11)
  12 orc zombies (D:11)
  13 rats
  2 starspawn tentacles (Abyss:3)
860 creatures vanquished.

Vanquished Creatures (others)
  An orc wizard (Orc:2)
  An orc (Orc:2)
  13 fungi
  24 plants
  7 starspawn tentacles (Abyss:3)
46 creatures vanquished.

Grand Total: 906 creatures vanquished

Notes
Turn   | Place    | Note
-------+----------+-------------------------------------------
     0 | D:1      | ohad the Troll Monk began the quest for the Orb.
     0 | D:1      | Reached XP level 1. HP: 22/22 MP: 0/0
    53 | D:1      | Reached XP level 2. HP: 27/29 MP: 1/1
   230 | D:1      | Reached skill level 4 in Unarmed Combat
   483 | D:1      | Reached XP level 3. HP: 36/36 MP: 2/2
  1623 | D:3      | Reached skill level 5 in Unarmed Combat
  1623 | D:3      | Reached XP level 4. HP: 21/44 MP: 3/3
  1765 | D:3      | Found a glowing drain.
  1784 | Sewer    | Entered a sewer
  2135 | D:3      | Reached XP level 5. HP: 49/50 MP: 4/4
  2406 | D:3      | Reached skill level 6 in Unarmed Combat
  2635 | D:4      | Noticed an ogre
  2644 | D:4      | Killed an ogre
  2646 | D:4      | Reached XP level 6. HP: 31/59 MP: 5/5
  2652 | D:4      | Reached skill level 7 in Unarmed Combat
  2821 | D:4      | Found Taevi's Magic Scroll Emporium.
  2826 | D:4      | Bought a scroll of identify for 24 gold pieces
  2826 | D:4      | Bought a scroll of teleportation for 36 gold pieces
  3149 | D:4      | Reached skill level 8 in Unarmed Combat
  3257 | D:4      | Reached XP level 7. HP: 66/66 MP: 6/6
  3313 | D:5      | Entered Level 5 of the Dungeon
  3510 | D:5      | Found a staircase to the Ecumenical Temple.
  3519 | Temple   | Entered the Ecumenical Temple
  3563 | Temple   | Became a worshipper of Warmaster Okawaru
  3563 | Temple   | Reached * piety under Okawaru
  3563 | Temple   | Reached ** piety under Okawaru
  3584 | D:5      | Reached skill level 1 in Invocations
  4102 | D:6      | Reached skill level 9 in Unarmed Combat
  4102 | D:6      | Reached XP level 8. HP: 19/74 MP: 6/9
  4833 | D:7      | Reached *** piety under Okawaru
  4873 | D:7      | Found Sim Wolueng's Antique Armour Emporium.
  4916 | D:7      | Noticed a hippogriff
  4983 | D:7      | Killed a hippogriff
  4983 | D:7      | Reached skill level 5 in Dodging
  5075 | D:7      | Reached XP level 9. HP: 68/80 MP: 10/10
  5084 | D:7      | Reached **** piety under Okawaru
  5163 | D:7      | Found a glowing silver altar of Zin.
  5494 | D:8      | Found a staircase to the Lair.
  5495 | D:8      | Noticed a komodo dragon
  5565 | D:8      | Reached skill level 5 in Fighting
  5622 | D:8      | Reached skill level 10 in Unarmed Combat
  5631 | D:8      | Noticed Grum
  5647 | D:8      | Reached ***** piety under Okawaru
  5922 | D:8      | Upgraded the game from 0.23-a0-625-g1d2cd9b to
                  | 0.23-a0-629-gae4348f
  6030 | D:8      | Killed Grum
  6039 | D:8      | Reached skill level 11 in Unarmed Combat
  6194 | D:8      | Killed a komodo dragon
  6331 | D:9      | Reached XP level 10. HP: 90/96 MP: 11/11
  6340 | D:9      | Identified the +5 flail "Midgh" {flame, Int+2}
  6358 | D:9      | Noticed a manticore
  6367 | D:9      | Killed a manticore
  6367 | D:9      | Received a gift from Okawaru
  6385 | D:9      | Got a translucent triple sword {god gift}
  6615 | D:9      | Reached skill level 12 in Unarmed Combat
  7043 | D:10     | Entered Level 10 of the Dungeon
  7129 | D:10     | Found a transporter.
  7146 | D:10     | Noticed Duffy's ghost (novice DEFE)
  7333 | D:10     | Found a transporter.
  7352 | D:10     | Noticed a +5 demon blade
  7352 | D:10     | Noticed an orc knight
  7352 | D:10     | Noticed an orc knight
  7352 | D:10     | Noticed Urug
  7352 | D:10     | Noticed Joseph
  7401 | D:9      | Killed an orc knight
  7401 | D:9      | Received a gift from Okawaru
  7401 | D:9      | Reached skill level 13 in Unarmed Combat
  7517 | D:10     | Killed Urug
  7621 | D:10     | Reached skill level 1 in Long Blades
  7758 | D:10     | Killed an orc knight
  7768 | D:10     | Killed Joseph
  7768 | D:10     | Reached XP level 11. HP: 88/104 MP: 10/12
  7861 | D:10     | Found Bulidoj's Weapon Shop.
  8094 | D:11     | Noticed Erica
  8102 | D:11     | Killed Erica
  8248 | D:11     | Found a staircase to the Orcish Mines.
  8407 | D:11     | Noticed Fannar
  8422 | D:11     | Killed Fannar
  8840 | D:11     | Received a gift from Okawaru
  9204 | Lair:1   | Entered Level 1 of the Lair of Beasts
  9271 | Lair:1   | Reached skill level 1 in Armour
 10102 | Lair:2   | Reached skill level 5 in Armour
 10102 | Lair:2   | Reached XP level 12. HP: 111/111 MP: 13/13
 10458 | Lair:2   | Found a staircase to the Snake Pit.
 10587 | Lair:2   | Received a gift from Okawaru
 10850 | Lair:2   | Found a staircase to the Shoals.
 11230 | Lair:3   | Noticed a six-headed hydra
 11240 | Lair:3   | Killed a one-headed hydra
 11332 | Lair:3   | Noticed a seven-headed hydra
 11343 | Lair:3   | Killed a three-headed hydra
 11503 | Lair:3   | Noticed an eight-headed hydra
 11510 | Lair:3   | Killed a six-headed hydra
 12310 | Lair:4   | You fall through a shaft!
 12346 | Lair:5   | Received a gift from Okawaru
 12349 | Lair:5   | Got a slimy cloak {god gift}
 12355 | Lair:5   | Identified the +1 cloak of Myogienn {rPois rF+ rCorr}
                  | (Okawaru gifted it to you on level 5 of the Lair of Beasts)
 12467 | Lair:5   | Noticed a death yak
 12685 | Lair:5   | Reached XP level 13. HP: 126/130 MP: 14/14
 12942 | Lair:5   | Found a staircase to the Slime Pits.
 12943 | Lair:5   | Found a viscous altar of Jiyva.
 13099 | Lair:4   | Got a twitching bone ring
 13101 | Lair:4   | Identified the ring "Ocvel" {rF+ rN+ EV+2 Int-4 Slay+3}
                  | (You found it on level 4 of the Lair of Beasts)
 13580 | Lair:5   | Reached skill level 10 in Fighting
 14018 | Lair:5   | Paralysed by a floating eye for 3 turns
 14024 | Lair:5   | Paralysed by a floating eye for 4 turns
 14032 | Lair:5   | Paralysed by a floating eye for 4 turns
 14065 | Lair:6   | Entered Level 6 of the Lair of Beasts
 14199 | Lair:5   | Received a gift from Okawaru
 14389 | Lair:5   | Received a gift from Okawaru
 14400 | Lair:5   | Reached skill level 10 in Armour
 14400 | Lair:5   | Reached XP level 14. HP: 31/143 MP: 15/15
 14401 | Lair:5   | Reached XP level 15. HP: 33/149 MP: 16/16
 14627 | Lair:6   | Reached ****** piety under Okawaru
 14768 | Lair:6   | Received a gift from Okawaru
 14784 | Lair:6   | Reached skill level 10 in Dodging
 15731 | D:11     | Reached skill level 1 in Shields
 15737 | D:12     | Noticed Kirke
 15792 | D:11     | Noticed a sphinx
 15800 | D:11     | Killed Kirke
 15812 | D:12     | Noticed Azrael
 15859 | D:11     | Killed Azrael
 16141 | D:12     | Reached skill level 5 in Shields
 16285 | D:12     | Reached XP level 16. HP: 147/158 MP: 17/17
 16292 | D:12     | Received a gift from Okawaru
 16631 | D:12     | Noticed Josephine
 16636 | D:12     | Killed Josephine
 17208 | D:13     | Found a gate to the Vaults.
 18113 | D:14     | Noticed Snorg
 18130 | D:14     | Killed Snorg
 18336 | D:14     | Found a runed door.
 18520 | D:14     | Received a gift from Okawaru
 18578 | D:14     | Reached skill level 10 in Shields
 18859 | D:15     | Entered Level 15 of the Dungeon
 19014 | D:15     | Reached skill level 5 in Invocations
 19123 | D:15     | Found a staircase to the Depths.
 19395 | D:15     | Reached skill level 14 in Unarmed Combat
 19395 | D:15     | Reached XP level 17. HP: 166/166 MP: 21/21
 19589 | D:15     | Received a gift from Okawaru
 19824 | Orc:1    | Entered Level 1 of the Orcish Mines
 19980 | Orc:2    | Entered Level 2 of the Orcish Mines
 19980 | Orc:2    | Found a staircase to the Elven Halls.
 19984 | Orc:2    | Noticed Erolcha
 19988 | Orc:2    | Noticed Sonja
 20062 | Orc:2    | Killed Sonja
 20084 | Orc:2    | Killed Erolcha
 21049 | Orc:1    | Reached skill level 15 in Unarmed Combat
 21355 | Orc:2    | Found Luacwuim's Antique Armour Emporium.
 21356 | Orc:2    | Found Feus's Antique Weapon Emporium.
 21357 | Orc:2    | Found Aliuxa Waic's General Store.
 21357 | Orc:2    | Found Fipommufuf's Book Shoppe.
 21602 | Snake:1  | Entered Level 1 of the Snake Pit
 21635 | Snake:1  | Reached XP level 18. HP: 89/174 MP: 23/23
 21796 | Snake:1  | Found a transporter.
 21980 | Snake:1  | Received a gift from Okawaru
 22473 | Snake:1  | Found a transporter.
 22756 | Snake:2  | Noticed Vashnia
 22868 | Snake:2  | Cast into level 3 of the Abyss (nagaraja)
 22898 | Abyss:3  | Found a viscous altar of Jiyva.
 23194 | Abyss:3  | Found a corrupted altar of Lugonu.
 23295 | Abyss:3  | Lost intelligence.
 23429 | Abyss:3  | Upgraded the game from 0.23-a0-629-gae4348f to
                  | 0.23-a0-636-g0ff6057
 23443 | Abyss:3  | HP: 1/181 [small abomination (15)]
 23444 | Abyss:3  | Demolished by a large abomination

Vault maps used:
D:1:      onia_arrival_handbag
D:3:      portal_sewer_entry_f, first_ration, minmay_fractal_squares_gapless_5
D:4:      serial_shops, nicolae_shop_trees
D:5:      minmay_temple_entry_sparse_star, kennysheep_generic_room_6
D:7:      zin_treasury, serial_shops, shop
D:8:      david_lair_shrubbed, uniq_grum
D:10:     gammafunk_ghost_stat_death, serial_shops, kennysheep_mini_moat,
          hangedman_fish_farm, sword_in_stone
D:11:     zombieorc1_lemuel, uniq_erica, uniq_fannar
D:12:     minmay_connected_boxes_in_corner, gauntlet_entry_generic, uniq_azrael,
          uniq_josephine, uniq_kirke
D:13:     erik_vaults_1
D:14:     cheibrodos_shockbox, enter_bailey_7, uniq_snorg
D:15:     grunt_enter_depths_giant_problem, amethyst_killhole
Temple:   nicolae_temple_the_god_donut
Lair:2:   elwin_shoals_entry_rooms, minmay_snake_entry_six_corridors,
          serial_bayou_shore_a, lemuel_fruit_tree
Lair:3:   st_stairs_10
Lair:4:   patterned_corridor
Lair:5:   slime_altar_1, portal_ice_cave_entry_imps, disabler_island
Lair:6:   minmay_lair_end_frog_pond, chequers_serial_rivers_micro_b
Snake:1:  gammafunk_the_bubble, spider_trap
Snake:2:  minmay_shop_grove, uniq_louise, uniq_nikola, uniq_vashnia
Orc:2:    st_orc_congregation, uniq_erolcha, uniq_sonja
Abyss:3:  due_evilmike_abyss_rune_seething_liches
Sewer:    sewer_co_cracked_pipes

Skill      XL: |  1  2  3  4  5  6  7  8  9 10 11 12 13 14 15 16 17 18 |
---------------+-------------------------------------------------------+-----
Unarmed Combat | 4 5 6 8 9 11 13 14 15 | 15.1
Invocations    | 3 6 8 |  8.2
Dodging        | 5 7 9 10 12 | 12.4
Fighting       | 5 8 10 | 10.1
Long Blades    | 3 |  3.3
Throwing       | 4 |  4.6
Armour         | 5 7 10 | 10.4
Shields        | 6 10 | 10.0
Stealth        | |  1.0

Action                   |  1- 3 |  4- 6 |  7- 9 | 10-12 | 13-15 | 16-18 || total
-------------------------+-------+-------+-------+-------+-------+-------++-------
Melee: Unarmed           |   100 |   200 |   292 |   619 |   558 |  1184 ||  2953
       Punch             |     1 |     4 |    12 |    65 |    26 |       ||   108
       Double sword      |       |       |       |     9 |     6 |       ||    15
       Scimitar          |       |       |       |     4 |       |       ||     4
Throw: Javelin           |       |       |       |     7 |     1 |     6 ||    14
       Large rock        |       |       |       |       |     1 |       ||     1
Invok: Heroism           |       |       |     9 |    15 |     8 |    15 ||    47
  Use: Scroll            |       |     1 |     8 |     6 |     5 |     7 ||    27
       Potion            |       |       |       |       |     2 |     5 ||     7
 Stab: Sleeping          |     6 |     4 |     1 |     2 |       |     1 ||    14
       Distracted        |       |       |       |     1 |       |       ||     1
  Eat: Chunk             |    18 |    18 |    30 |    61 |    33 |    67 ||   227
Armor: Robe              |    39 |    61 |    57 |       |       |       ||   157
       Animal skin       |       |       |     4 |    41 |       |       ||    45
       Quicksilver drago |       |       |       |   193 |   247 |   287 ||   727
Dodge: Dodged            |    56 |    89 |   173 |   433 |   477 |   717 ||  1945
Block: Shield            |       |       |       |       |   161 |   753 ||   914
       Rpst.: Scimitar   |       |       |       |     1 |       |       ||     1
       Double sword      |       |       |       |       |     1 |       ||     1

Table legend:
 A = Non-vault XP
 B = Vault XP
 C = Vault XP percentage of total XP
 D = Non-vault monster count
 E = Vault monster count
 F = Vault count percentage of total count
                 A         B        C        D         E       F
            +---------+---------+-------+---------+---------+-------
      Total |  109561 |   65729 |  37.5 |     557 |     301 |  35.1
            +---------+---------+-------+---------+---------+-------
        D:1 |      36 |      10 |  21.7 |      21 |       4 |  16.0
        D:2 |      35 |       0 |   0.0 |      11 |       0 |   0.0
        D:3 |      93 |      21 |  18.4 |      27 |       9 |  25.0
        D:4 |     496 |       0 |   0.0 |      19 |       0 |   0.0
        D:5 |     349 |      80 |  18.6 |      20 |       3 |  13.0
        D:6 |     729 |       0 |   0.0 |      19 |       0 |   0.0
        D:7 |    1467 |       0 |   0.0 |      29 |       0 |   0.0
        D:8 |     951 |    1048 |  52.4 |      15 |       6 |  28.6
        D:9 |    1989 |     621 |  23.8 |      24 |       1 |   4.0
       D:10 |    1109 |    2211 |  66.6 |      12 |       4 |  25.0
       D:11 |    5066 |    6953 |  57.9 |      24 |      38 |  61.3
       D:12 |    6463 |    8372 |  56.4 |      30 |      27 |  47.4
       D:13 |    9747 |    1808 |  15.6 |      54 |       2 |   3.6
       D:14 |   12847 |    1992 |  13.4 |      45 |       6 |  11.8
       D:15 |   16084 |    1742 |   9.8 |      45 |       1 |   2.2
     Temple |      17 |       0 |   0.0 |       2 |       0 |   0.0
     Lair:1 |    3835 |       0 |   0.0 |      20 |       0 |   0.0
     Lair:2 |    2821 |    2471 |  46.7 |      13 |      14 |  51.9
     Lair:3 |    4752 |     940 |  16.5 |      12 |       1 |   7.7
     Lair:4 |    2655 |       0 |   0.0 |      11 |       0 |   0.0
     Lair:5 |    7723 |    6843 |  47.0 |      22 |      54 |  71.1
     Lair:6 |    2840 |    8168 |  74.2 |      13 |      29 |  69.0
    Snake:1 |   13382 |    9494 |  41.5 |      21 |      16 |  43.2
    Snake:2 |     749 |       0 |   0.0 |       3 |       0 |   0.0
      Orc:1 |    1350 |    4236 |  75.8 |      12 |       9 |  42.9
      Orc:2 |    1958 |    8676 |  81.6 |      18 |      60 |  76.9
    Abyss:3 |   10018 |       0 |   0.0 |      15 |       0 |   0.0
      Sewer |       0 |      43 | 100.0 |       0 |      17 | 100.0
            +---------+---------+-------+---------+---------+-------
